 Dungeon Crawl Stone Soup version 0.23.1-37-gaa34b87 (webtiles) character file.

Game seed: 15037257746037326455

13317 dengdeng the Basher (level 12, -6/106 HPs)
             Began as a Hill Orc Berserker on Mar 24, 2019.
             Was a High Priest of Trog.
             Mangled by an orc warrior
             ... wielding a +0 halberd
              (12 damage)
             ... on level 11 of the Dungeon.
             The game lasted 00:43:43 (11592 turns).

dengdeng the Basher (Hill Orc Berserker)           Turns: 11592, Time: 00:43:44

Health: -6/106     AC: 18    Str: 25    XL:     12   Next: 4%
Magic:  12/12      EV:  7    Int: 12    God:    Trog [*****.]
Gold:   548        SH: 16    Dex: 10    Spells: 11/11 levels left

rFire    . . .     SeeInvis +   O - +3 hand axe (freeze) (curse)
rCold    . . .     Gourm    .   N - +0 shield
rNeg     . . .     Faith    .   H - +0 plate armour
rPois    .         Spirit   .   P - +0 helmet
rElec    .         Reflect  +   (no cloak)
rCorr    .         Harm     .   R - +0 pair of gloves
MR       +....                  y - +0 pair of boots
Stlth    ..........             i - +5 amulet of reflection
HPRegen  0.27/turn              u - ring of see invisible
MPRegen  0.13/turn              G - ring of protection from magic

@: brilliant, berserk cooldown, flying
A: no striking features
a: Berserk, Trog's Hand, Brothers in Arms, Renounce Religion


You were on level 11 of the Dungeon.
You worshipped Trog.
Trog was extremely pleased with you.
You were near starving.

You visited 1 branch of the dungeon, and saw 11 of its levels.

You collected 651 gold pieces.
You spent 103 gold pieces at shops.

Inventory:

Hand Weapons
 a - a +0 hand axe
 O - a cursed +3 hand axe of freezing (weapon)
Missiles
 d - 231 stones (quivered)
 m - 8 steel javelins
 A - 16 tomahawks
Armour
 y - a +0 pair of boots (worn)
 H - a +0 plate armour (worn)
 N - a +0 shield (worn)
 P - a +0 helmet (worn)
 R - a +0 pair of gloves (worn)
Jewellery
 i - a +5 amulet of reflection (around neck)
 u - a ring of see invisible (left hand)
 G - a ring of protection from magic (right hand)
Wands
 v - a wand of digging (10)
 w - a wand of polymorph (28)
 x - a wand of acid (27)
 D - a wand of paralysis (14)
 Q - a wand of disintegration (8)
Scrolls
 b - a scroll of noise {unknown}
 f - 4 scrolls of remove curse
 h - 9 scrolls of identify
 n - 7 scrolls of teleportation {unknown}
 q - 2 scrolls of enchant weapon {unknown}
 t - 5 scrolls of immolation {unknown}
 z - a scroll of silence {unknown}
 B - a scroll of magic mapping {unknown}
 F - a scroll of acquirement {unknown}
 I - a scroll of fear {unknown}
 J - 2 scrolls of enchant armour {unknown}
 K - 2 scrolls of amnesia {unknown}
 L - a scroll of vulnerability {unknown}
Potions
 e - a potion of mutation {unknown}
 g - 2 potions of flight
 j - a potion of berserk rage {unknown}
 k - 2 potions of brilliance
 l - a potion of might {unknown}
 o - 2 potions of haste {unknown}
 r - 3 potions of lignification {unknown}
 s - 5 potions of curing
 C - a potion of cancellation {unknown}
 E - 2 potions of invisibility {unknown}
 M - a potion of heal wounds {unknown}
 S - a potion of degeneration {unknown}
Comestibles
 c - 25 rations


   Skills:
 + Level 9.6 Fighting
 * Level 10.9(13.4) Axes
   Level 11.2(12.4) Maces & Flails
   Level 0.1(5.9) Staves
 + Level 3.6 Throwing
 + Level 9.2 Armour
 + Level 3.3 Dodging
 + Level 1.4 Stealth
 + Level 6.6 Shields


You had 11 spell levels left.
You didn't know any spells.
Your spell library was empty.

Dungeon Overview and Level Annotations

Branches:
Dungeon (11/15)            Temple (0/1) D:5            Lair (0/6) D:11
    Orc (0/2) D:11

Altars:
Elyvilon
Fedhas
Nemelex Xobeh
Okawaru
Ru
Wu Jian
Xom
Zin
The Shining One

Shops:
D:10 [[?   D:11 =


Message History

Unknown command.
It was a potion of flight.
You feel very buoyant.
You fly up into the air.
You block the orc warrior's attack. You block the orc warrior's attack.
Items here: ))) [[ ††† The orc warrior hits you from afar with a +0 halberd.
* * * LOW HITPOINT WARNING * * *
It was a potion of brilliance.
You feel clever all of a sudden. The orc warrior closely misses you.
You block the orc warrior's attack.
You closely miss the orc warrior.
Your shield and plate armour prevent you from hitting the orc warrior.
You block the orc warrior's attack.
You closely miss the orc warrior. You hit the orc warrior.
You freeze the orc warrior.
The orc warrior is lightly wounded.
The orc warrior hits you with a +0 halberd!
You die...

########### #### #....oo@..#
...#######.###o###.#
...........#8)))8#.#
.........#.#..)(.#.#
.∩.......#.#..>..#.############
.........#.#.....#............#
...........#8...8#............#
.........###########..........#
###.............# #..........#


You could see an orc warrior and 2 orcs.

Vanquished Creatures
  Snorg (D:10)
  A hydra (D:11)
  A two-headed ogre (D:11)
  Harold (D:7)
  An ugly thing (D:11)
  Joseph (D:10)
  Psyche (D:11)
  A gargoyle (D:11)
  A kobold demonologist (D:7)
  3 trolls
  Prince Ribbit (D:8)
  A hippogriff (D:9)
  A shadow (D:11)
  3 hogs (D:10)
  A human (D:10)
  6 yaks
  A hungry ghost (D:11)
  2 wargs (D:11)
  7 orc warriors
  An ice beast (D:11)
  2 black bears
  2 sky beasts
  A necrophage (D:11)
  8 ogres
  4 phantoms
  7 centaurs
  A crocodile (D:7)
  5 big kobolds
  9 bullfrogs
  5 gnoll sergeants (D:11)
  3 wyvern skeletons
  4 scorpions
  5 wights
  2 bullfrog zombies (D:10)
  4 crimson imps
  A centaur zombie (D:8)
  2 jellies (D:5)
  A quasit (D:11)
  4 hounds
  3 orc priests
  A centaur skeleton (D:7)
  4 orc wizards
  Natasha (twice) (D:2)
  3 iguanas
  9 worker ants
  3 hound skeletons
  A howler monkey zombie (D:9)
  6 gnolls (D:11)
  9 adders
  2 shadow imps
  3 oozes
  An adder skeleton (D:5)
  An adder zombie (D:8)
  2 worms
  6 leopard geckos
  26 orcs
  6 giant cockroaches
  4 goblins
  3 hobgoblins
  14 jackals
  A ball python (D:2)
  8 bats
  8 frilled lizards
  19 kobolds
  A leopard gecko skeleton (D:6)
  8 rats
260 creatures vanquished.

Vanquished Creatures (others)
  A centaur (D:9)
  A plant (D:11)
2 creatures vanquished.

Grand Total: 262 creatures vanquished

Notes
Turn   | Place    | Note
-------+----------+-------------------------------------------
     0 | D:1      | dengdeng the Hill Orc Berserker began the quest for the
                  | Orb.
     0 | D:1      | Reached XP level 1. HP: 19/19 MP: 1/1
   103 | D:1      | Reached XP level 2. HP: 13/27 MP: 2/2
   687 | D:1      | Found a sparkling altar of Nemelex Xobeh.
   992 | D:2      | Reached XP level 3. HP: 31/33 MP: 3/3
  1080 | D:2      | Reached ** piety under Trog
  1240 | D:2      | Found a white marble altar of Elyvilon.
  1283 | D:2      | Reached skill level 1 in Maces & Flails
  1466 | D:2      | Noticed Natasha
  1471 | D:2      | Killed Natasha
  1471 | D:2      | Reached skill level 5 in Axes
  1471 | D:2      | Reached XP level 4. HP: 38/40 MP: 4/4
  1578 | D:2      | Found a glowing golden altar of the Shining One.
  1900 | D:2      | Noticed Natasha
  1905 | D:2      | Killed Natasha
  1905 | D:2      | Reached skill level 2 in Maces & Flails
  1905 | D:2      | Reached XP level 5. HP: 38/46 MP: 5/5
  3005 | D:4      | Reached *** piety under Trog
  3033 | D:4      | Noticed an ogre
  3042 | D:4      | Killed an ogre
  3042 | D:4      | Reached skill level 3 in Maces & Flails
  3042 | D:4      | Reached XP level 6. HP: 53/53 MP: 6/6
  3311 | D:4      | Reached skill level 1 in Throwing
  3636 | D:5      | Entered Level 5 of the Dungeon
  3717 | D:5      | Got an iridescent quarterstaff
  3718 | D:5      | Identified the cursed +2 quarterstaff "Undertaker" {crush,
                  | MP+9 Int+3 Dex+2} (You found it on level 5 of the Dungeon)
  3771 | D:5      | Reached XP level 7. HP: 55/60 MP: 7/7
  3805 | D:5      | Found a staircase to the Ecumenical Temple.
  3886 | D:5      | Reached skill level 4 in Maces & Flails
  3896 | D:5      | Reached skill level 5 in Fighting
  4095 | D:5      | Noticed an angel
  4096 | D:5      | Found a shimmering altar of Xom.
  4096 | D:5      | Found a glowing silver altar of Zin.
  4334 | D:5      | Reached skill level 5 in Maces & Flails
  4531 | D:5      | Reached skill level 5 in Armour
  4531 | D:5      | Reached XP level 8. HP: 63/69 MP: 8/8
  5092 | D:5      | Found an iron altar of Okawaru.
  5267 | D:6      | Reached skill level 6 in Maces & Flails
  5274 | D:6      | Found an ornate altar of the Wu Jian Council.
  5274 | D:6      | Found a blossoming altar of Fedhas.
  5574 | D:7      | Found a sacrificial altar of Ru.
  5700 | D:7      | Reached **** piety under Trog
  5864 | D:7      | Reached skill level 7 in Maces & Flails
  5933 | D:7      | Noticed Harold
  5937 | D:7      | Noticed a kobold demonologist
  5956 | D:7      | Killed Harold
  5956 | D:7      | Reached skill level 8 in Maces & Flails
  5956 | D:7      | Reached XP level 9. HP: 37/78 MP: 9/9
  5957 | D:7      | Killed a kobold demonologist
  7055 | D:7      | Reached skill level 9 in Maces & Flails
  7055 | D:7      | Reached skill level 1 in Shields
  7169 | D:8      | Reached XP level 10. HP: 77/88 MP: 10/10
  7288 | D:8      | Noticed Prince Ribbit
  7429 | D:8      | Killed Prince Ribbit
  7929 | D:9      | Reached skill level 10 in Maces & Flails
  7958 | D:9      | Received a gift from Trog
  9279 | D:10     | Entered Level 10 of the Dungeon
  9295 | D:10     | Noticed Snorg
  9307 | D:10     | Killed Snorg
  9307 | D:10     | Reached skill level 11 in Maces & Flails
  9422 | D:9      | Reached XP level 11. HP: 86/95 MP: 11/11
  9530 | D:10     | Found Sirgh's Magic Scroll Emporium.
  9581 | D:10     | Found Verchoadu's Armour Shoppe.
  9697 | D:10     | Reached skill level 5 in Shields
  9792 | D:10     | Found Ywoargh's Antique Armour Shop.
  9797 | D:10     | Bought a helmet for 103 gold pieces
 10096 | D:10     | Noticed Joseph
 10127 | D:10     | Reached ***** piety under Trog
 10133 | D:10     | Killed Joseph
 10504 | D:11     | Noticed a two-headed ogre
 10521 | D:11     | Killed a two-headed ogre
 10777 | D:11     | Received a gift from Trog
 10794 | D:11     | Found a staircase to the Lair.
 10805 | D:11     | Noticed Psyche
 10811 | D:11     | Noticed a six-headed hydra
 10820 | D:11     | Killed Psyche
 10827 | D:11     | Killed a 13-headed hydra
 10827 | D:11     | Reached skill level 1 in Stealth
 11224 | D:11     | Noticed a brown ugly thing
 11244 | D:11     | Killed a brown ugly thing
 11319 | D:11     | Found Giamu's Jewellery Boutique.
 11380 | D:11     | Reached skill level 10 in Axes
 11524 | D:11     | Found a staircase to the Orcish Mines.
 11556 | D:11     | Reached XP level 12. HP: 32/106 MP: 12/12
 11579 | D:11     | HP: 4/106 [troll (5)]
 11585 | D:11     | HP: 5/106 [orc warrior/+0 halberd (1)]
 11592 | D:11     | Mangled by an orc warrior

Skill      XL: |  1  2  3  4  5  6  7  8  9 10 11 |
---------------+----------------------------------+-----
Fighting       | 4 5 6 7 8 9 |  9.6
Maces & Flails | 1 2 3 5 8 9 11 | 11.2
Axes           | 5 10 | 10.9
Dodging        | 2 3 |  3.3
Armour         | 3 4 5 6 7 8 9 |  9.2
Throwing       | 1 2 3 |  3.6
Shields        | 1 4 6 |  6.6
Stealth        | 1 |  1.4
Staves         | |  0.1

Action                   |  1- 3 |  4- 6 |  7- 9 | 10-12 || total
-------------------------+-------+-------+-------+-------++-------
Melee: Hand axe          |    12 |       |       |   335 ||   347
       Mace              |    58 |   159 |   282 |   225 ||   724
       Quarterstaff      |       |     2 |     2 |       ||     4
Throw: Stone             |    17 |    43 |    39 |    46 ||   145
Invok: Berserk           |       |       |     2 |     5 ||     7
  Use: Scroll            |       |       |     2 |     3 ||     5
       Potion            |       |       |       |     2 ||     2
 Stab: Invisible         |       |       |       |     3 ||     3
  Eat: Chunk             |     2 |     7 |    13 |    20 ||    42
Armor: Animal skin       |    15 |       |       |       ||    15
       Leather armour    |     9 |       |       |       ||     9
       Ring mail         |       |    46 |       |       ||    46
       Chain mail        |       |     1 |   114 |       ||   115
       Plate armour      |       |       |    21 |   249 ||   270
Dodge: Dodged            |    61 |    74 |   113 |   123 ||   371
Block: Other             |       |    12 |    53 |       ||    65
       Reflection        |       |       |     3 |    26 ||    29
       Buckler           |       |       |    23 |    46 ||    69
       Shield            |       |       |       |   362 ||   362
